 Dungeon Crawl Stone Soup version 0.28.0-61-g67df4f89a8 (webtiles) character file.

Game seed: 11588305311368460725

1403080 AarnesTheHuman the Conqueror (level 27, 273/273 HPs)
             Began as a Hill Orc Fighter on Feb 15, 2023.
             Was the Champion of Okawaru.
             Escaped with the Orb
             ... and 3 runes on Feb 17, 2023!
             The game lasted 04:15:29 (102728 turns).

AarnesTheHuman the Conqueror (Hill Orc Fighter)   Turns: 102728, Time: 04:15:30

Health: 273/273    AC: 40    Str: 29    XL:     27
Magic:  12/12      EV: 13    Int:  8    God:    Okawaru [******]
Gold:   2496       SH: 16    Dex: 20    Spells: 26/26 levels left

rFire   + + +      SeeInvis +   b - +7 broad axe (antimagic)
rCold   + + .      Faith    +   u - +0 kite shield "Kalaune" {rF++}
rNeg    . . .      Spirit   .   c - +8 gold dragon scales
rPois   +          Reflect  .   g - +2 helmet
rElec   +          Harm     .   K - scarf {repulsion}
rCorr   +          Rampage  +   l - +2 pair of gloves of the Barber Surgeon {Rampage Dex+6 Stlth+}
Will    ++++.                   h - +0 pair of boots of the Unseen Realm {Str+4 Slay+3}
Stlth   ..........              Z - amulet of Wumiq {Faith rElec Will++ rCorr Str-2 SInv}
HPRegen 0.55/turn               t - ring "Jotyxui" {rElec rPois rC+ Stlth+}
MPRegen 0.13/turn               s - +4 ring of slaying

@: studying Translocations, repel missiles
A: deterioration 1, low MP 1, weak 1
0: Orb of Zot
}: 3/15 runes: serpentine, barnacled, silver
a: Renounce Religion, Heroism, Finesse, Duel


You escaped.
You worshipped Okawaru.
Okawaru was exalted by your worship.
You visited 10 branches of the dungeon, and saw 49 of its levels.
You also visited: Sewer, Bailey and Ice Cave.

You collected 8382 gold pieces.
You spent 5886 gold pieces at shops.

Inventory:

Hand Weapons
 a - the +8 broad axe "Deusaloa" {drain, rPois rN+ rCorr Dex-5}
   (You acquired it on level 4 of the Dungeon)

   A truly terrible weapon, it drains the life of any living foe it strikes.
   Dex:       It affects your dexterity (-5).
   rPois:     It protects you from poison.
   rN:        It protects you from negative energy.
   rCorr:     It protects you from acid and corrosion.
 b - a +7 antimagic broad axe (weapon)
 U - the +4 broad axe of Massacring {freeze, rN+++ rCorr Dex-3}
   (Okawaru gifted it to you on level 4 of the Vaults)

   It freezes those it strikes, dealing additional cold damage.
   It can also slow down cold-blooded creatures.
   Dex:       It affects your dexterity (-3).
   rN:        It renders you almost immune to negative energy.
   rCorr:     It protects you from acid and corrosion.
Missiles
 d - 8 javelins (quivered)
 e - 19 silver javelins
 y - 42 curare-tipped darts
 B - 8 atropa-tipped darts
 S - 5 silver boomerangs
 T - 8 throwing nets
Armour
 c - +8 gold dragon scales (worn)
 g - a +2 helmet (worn)
 h - the +0 pair of boots of the Unseen Realm (worn) {Str+4 Slay+3}
   (Okawaru gifted it to you on level 3 of the Snake Pit)

   Str:       It affects your strength (+4).
   Slay:      It affects your accuracy & damage with ranged weapons and melee
   (+3).
 l - the +2 pair of gloves of the Barber Surgeon (worn) {Rampage Dex+6 Stlth+}
   (You found it on level 2 of the Vaults)

   Dex:       It affects your dexterity (+6).
   Rampage:   It bestows one free step when moving towards enemies.
   Stlth:     It makes you more stealthy.
 m - a +5 kite shield of protection
 u - the +0 kite shield "Kalaune" (worn) {rF++}
   (Okawaru gifted it to you on level 1 of the Realm of Zot)

   rF:        It greatly protects you from fire.
 K - a scarf of repulsion (worn)
Jewellery
 i - a ring of protection from cold
 s - a +4 ring of slaying (right hand)
 t - the ring "Jotyxui" (left hand) {rElec rPois rC+ Stlth+}
   (You took it off a deep elf archer on level 3 of the Elven Halls)

   [ring of protection from cold]

   rC:        It protects you from cold.
   rElec:     It insulates you from electricity.
   rPois:     It protects you from poison.
   Stlth:     It makes you more stealthy.
 z - a ring of willpower
 A - a ring of fire
 O - a ring of flight
 Z - the amulet of Wumiq (around neck) {Faith rElec Will++ rCorr Str-2 SInv}
   (You bought it in a shop on level 2 of the Shoals)

   [amulet of faith]

   It allows you to gain divine favour quickly.
   Str:       It affects your strength (-2).
   rElec:     It insulates you from electricity.
   SInv:      It lets you see invisible.
   rCorr:     It protects you from acid and corrosion.
   Will:      It greatly increases your willpower.
Wands
 k - a wand of acid (23)
 q - a wand of polymorph (5)
 P - a wand of paralysis (11)
 Q - a wand of mindburst (21)
 V - a wand of iceblast (63)
 X - a wand of digging (8)
Scrolls
 f - 2 scrolls of immolation
 r - 11 scrolls of fog
 E - 15 scrolls of teleportation
 H - 10 scrolls of blinking
 I - 3 scrolls of torment
 M - 4 scrolls of magic mapping
 N - 7 scrolls of silence
 W - 8 scrolls of fear
 Y - 3 scrolls of holy word
Potions
 j - 7 potions of lignification
 n - 15 potions of curing
 o - 19 potions of heal wounds
 p - 3 potions of brilliance
 v - 4 potions of haste
 w - 9 potions of might
 x - 2 potions of magic
 C - 2 potions of cancellation
 F - 4 potions of ambrosia
 G - 3 potions of berserk rage
 J - 2 potions of resistance
 L - 8 potions of mutation
 R - 3 potions of flight
Miscellaneous
 D - a condenser vane


   Skills:
 O Level 27 Fighting
 - Level 20.0 Axes
 + Level 20.7 Throwing
 + Level 20.5 Armour
 + Level 11.7 Dodging
 - Level 5.0 Stealth
 + Level 19.6 Shields
 - Level 26.0 Invocations
 - Level 4.0 Evocations


You had 26 spell levels left.
You didn't know any spells.
Your spell library contained the following spells:

 Spells                   Type           Power      Damage    Failure   Level
 Apportation              Tloc           0%         N/A       99%         1
 Freeze                   Ice            0%         1d3       99%         1
 Magic Dart               Conj           0%         1d3       99%         1
 Pain                     Necr           0%         1d4       99%         1
 Shock                    Conj/Air       0%         1d3       99%         1
 Blink                    Tloc           0%         N/A       100%        2
 Ensorcelled Hibernation  Hex/Ice        0%         N/A       100%        2
 Passwall                 Tmut/Erth      0%         N/A       100%        2
 Poisonous Vapours        Pois/Air       0%         N/A       100%        2
 Scorch                   Fire           0%         2d5       100%        2
 Searing Ray              Conj           0%         2d4       100%        2
 Static Discharge         Conj/Air       0%         N/A       100%        2
 Sublimation of Blood     Necr           0%         N/A       100%        2
 Confusing Touch          Hex            0%         N/A       100%        3
 Ignite Poison            Fire/Tmut/Pois 0%         N/A       100%        3
 Lesser Beckoning         Tloc           0%         N/A       100%        3
 Mephitic Cloud           Conj/Pois/Air  0%         N/A       100%        3
 Stone Arrow              Conj/Erth      0%         3d7       100%        3
 Swiftness                Air            0%         N/A       100%        3
 Vampiric Draining        Necr           0%         2d6       100%        3
 Airstrike                Air            0%         N/A       100%        4
 Dispel Undead            Necr           0%         3d6       100%        4
 Flame Wave               Conj/Fire      0%         2d4       100%        4
 Fulminant Prism          Conj/Hex       0%         3d6       100%        4
 Ice Form                 Ice/Tmut       0%         N/A       100%        4
 Passage of Golubria      Tloc           0%         N/A       100%        4
 Petrify                  Tmut/Erth      0%         N/A       100%        4
 Sticky Flame             Conj/Fire      0%         2d3       100%        4
 Freezing Cloud           Conj/Ice/Air   0%         6-21      100%        5
 Irradiate                Conj/Tmut      0%         3d14      100%        5
 Lightning Bolt           Conj/Air       0%         1d11      100%        5
 Manifold Assault         Tloc           0%         N/A       100%        5
 Metabolic Englaciation   Hex/Ice        0%         N/A       100%        5
 Yara's Violent Unravell  Hex/Tmut       0%         3d3       100%        5
 Dispersal                Tloc           0%         N/A       100%        6
 Eringya's Noxious Bog    Tmut/Pois      0%         N/A       100%        6
 Statue Form              Tmut/Erth      0%         N/A       100%        6
 Enfeeble                 Hex            0%         N/A       100%        7
 Storm Form               Tmut/Air       0%         N/A       100%        7
 Disjunction              Tloc           0%         N/A       100%        8
 Lehudib's Crystal Spear  Conj/Erth      0%         10d2      100%        8
 Maxwell's Capacitive Co  Air            0%         ∞         100%        8
 Chain Lightning          Conj/Air       0%         N/A       100%        9
 Fire Storm               Conj/Fire      0%         5d1       100%        9
 Shatter                  Erth           0%         3d5*      100%        9
 Animate Skeleton         Necr           Unusable   N/A       N/A         1
 Summon Small Mammal      Summ           Unusable   N/A       N/A         1
 Call Imp                 Summ           Unusable   N/A       N/A         2
 Call Canine Familiar     Summ           Unusable   N/A       N/A         3
 Summon Guardian Golem    Hex/Summ       Unusable   N/A       N/A         3
 Tukima's Dance           Hex            Unusable   N/A       N/A         3
 Animate Armour           Summ/Erth      Unusable   N/A       N/A         4
 Summon Mana Viper        Hex/Summ       Unusable   N/A       N/A         5
 Summon Cactus Giant      Summ           Unusable   N/A       N/A         6

Dungeon Overview and Level Annotations

Branches:
Dungeon (15/15)            Temple (1/1) D:6            Lair (6/6) D:8
 Shoals (4/4) Lair:3        Snake (4/4) Lair:2        Slime (0/5) Lair:6
    Orc (2/2) D:10            Elf (3/3) Orc:2        Vaults (5/5) D:13
  Crypt (0/3) Vaults:2     Depths (4/4) D:15            Zot (5/5) Depths:4
  Sewer (visited)          Bailey (visited)           IceCv (visited)

Altars:
Ashenzari
Cheibriados
Dithmenos
Elyvilon
Fedhas
Gozag
Hepliaklqana
Kikubaaqudgha
Makhleb
Nemelex Xobeh
Okawaru
Qazlal
Ru
Sif Muna
Trog
Uskayaw
Vehumet
Wu Jian
Xom
Yredelemnul
Zin
The Shining One
Jiyva

Shops:
D:4 *   D:5 [   D:6 (   Orc:2 ?(![!   Elf:1 [   Shoals:2 ::=*   Shoals:4 =*!:
Snake:4 *   Vaults:1 ?   Vaults:5 (   Depths:3 [[:   Depths:4 :==*

Portals:
Hell: Depths:1 Depths:2 Depths:3 Depths:4
Abyss: Depths:3
Pandemonium: Depths:2 Depths:4
Ziggurat: Depths:4
Trove: Vaults:1 (give 8 potions of haste)

Annotations:
D:3 1 runed translucent door, Crazy Yiuf
D:6 exclusion: downstairs
D:8 exclusion: downstairs
D:13 exclusion: downstairs
Lair:2 exclusion: downstairs
Shoals:1 2 transporters, Witt's ghost, adept GrFi
Shoals:2 exclusion: downstairs
Shoals:3 exclusion: downstairs
Snake:2 Roxanne
Elf:2 exclusion: downstairs
Vaults:2 exclusion: 2 downstairs
Vaults:4 exclusion: downstairs
Depths:1 exclusion: downstairs
Zot:3 exclusion: downstairs
Zot:4 1 runed translucent door, Baeczau's ghost, master GnFi


Innate Abilities, Weirdness & Mutations

Your body sometimes deteriorates upon taking damage.
Your magical capacity is low. (-10% MP)
You are weak. (Str -2)


Message History

The Orb Guardian is almost dead.
You barely miss the Orb Guardian.
The Orb Guardian is almost dead.
The Orb Guardian hits you!!
You slash the Orb Guardian!
The Orb Guardian is almost dead.
You hit the Orb Guardian.
The Orb Guardian is almost dead.
The Orb Guardian barely misses you.
You slash the Orb Guardian!
You kill the Orb Guardian!
Okawaru accepts your kill.
(D) Dungeon (T) Temple (L) Lair (A) Shoals (P) Snake Pit (M) Slime Pits (O) Orcish Mines (E) Elven Halls (V) Vaults (C) Crypt (U) Depths (H) Hell (Z) Zot
Where to? (Enter - D:1 @ (x,y), ? - help)
There is a stone staircase leading up here.
You climb upwards.
Level annotation: 1 runed translucent door, Crazy Yiuf
There is a stone staircase leading down here.
There is a stone staircase leading up here.
You climb upwards.
There is a stone staircase leading down here.
There is an escape hatch in the ceiling, spattered with blood here.
You see here a +0 club.
A mysterious force pulls you upwards. The hatch slams shut behind you.
Your hands slow down.
HP restored.
A blizzard demon comes into view.
The blizzard demon shouts!
You carve the blizzard demon like a ham!!!
The blizzard demon's magic leaks into the air.
The blizzard demon is almost dead.
The blizzard demon falters for a moment.
You slice the blizzard demon!!
You kill the blizzard demon!
Okawaru accepts your kill.
There is a staircase leading out of the dungeon here.
You have escaped!

...........#...#....##.....(.##
...........#...######.........#
.....>.....##.#....##....8....###
...........###................##.
#..........# #########.......###.
#...>......####...######...#####.
...........##.......## ###.####..
...........#.........# ###...###
...........#....@....####.......#
...........#..........##.........
####.##.##.##.......##......8....
....).......###...######.........
####.)........###########.......#
.....#..##.##...........###...###
..##....##.#######........#####..
#..#..#..#.# #......#..).....
##....##.#.# ######.##.......


There were no monsters in sight!

Vanquished Creatures
  2 dread liches
  5 orbs of fire (Zot:5)
  4 ancient liches
  3 juggernauts
  Mennas (Depths:3)
  Vashnia (Snake:2)
  Bai Suzhen (Snake:3)
  Saint Roka (Vaults:2)
  A caustic shrike (Depths:2)
  2 Killer Klowns
  Margery (Depths:4)
  3 curse toes
  14 golden dragons
  the Enchantress (Depths:4)
  3 bone dragons (Depths:4)
  2 iron giants (Depths:1)
  20 tentacled monstrosities
  2 electric golems (Zot:5)
  A hellephant (Depths:1)
  Jorgrun (Orc:1)
  A walking earthen tome (Depths:2)
  4 liches
  Asterion (Vaults:1)
  2 deep elf blademasters (Elf:3)
  27 Orb Guardians
  7 titans
  A deep elf master archer (Elf:3)
  10 quicksilver dragons
  3 walking frostbound tomes
  9 death cobs
  An Executioner (D:6)
  6 sphinxes
  Frances (Shoals:1)
  12 shadow dragons
  Agnes (D:15)
  2 draconian monks
  6 tengu reavers
  Donald (Vaults:4)
  Kirke (Lair:5)
  7 nagarajas
  15 storm dragons
  2 krakens
  10 fire giants
  An orc warlord (Vaults:4)
  A daeva (Zot:4)
  Aizul (Snake:2)
  10 deep elf sorcerers
  5 draconian knights
  2 iron dragons
  5 draconian scorchers
  2 balrugs
  14 vault wardens
  Louise (Shoals:4)
  6 draconian shifters
  A draconian stormcaller (Zot:3)
  2 ghost moths
  7 deep elf elementalists (Elf:3)
  19 frost giants
  19 ironbound preservers
  30 very ugly things
  5 draconian annihilators
  A reaper (Depths:2)
  5 spriggan defenders
  5 war gargoyles
  3 ironbound thunderhulks
  26 stone giants
  Nessos (D:15)
  12 black draconians
  5 vampire knights
  5 green draconians
  5 deep elf demonologists
  6 deep elf annihilators (Elf:3)
  8 white draconians
  8 yellow draconians
  12 purple draconians
  5 spark wasps
  13 dire elephants
  A merfolk javelineer (Shoals:4)
  4 entropy weavers
  11 yaktaur captains
  11 ettins
  13 fire dragons
  6 red draconians
  8 merfolk impalers
  A blizzard demon (D:1)
  5 deep elf death magi
  2 jiangshi (Depths:1)
  4 rakshasas
  8 great orbs of eyes
  6 deep elf high priests
  32 vault guards
  11 naga warriors
  3 peacekeepers (Vaults:3)
  3 catoblepae (Lair:6)
  3 merfolk avatars
  4 hydras
  3 ogre magi
  A salamander tyrant (Snake:4)
  5 merfolk aquamancers
  Harold (D:9)
  11 ironbound frosthearts
  5 boulder beetles
  18 centaur warriors
  14 ice dragons
  4 spriggan air magi
  6 anacondas
  29 dancing weapons
  10 two-headed ogres
  7 deep troll shamans
  24 death yaks
  2 tengu warriors
  4 satyrs
  3 orc high priests (Orc:2)
  11 spriggan berserkers
  A satyr (shapeshifter) (Depths:4)
  16 naga sharpshooters
  10 deep troll earth magi
  3 hell hogs
  4 vampire magi
  Urug (D:10)
  7 soul eaters
  7 hell knights
  2 shock serpents
  Sonja (Lair:1)
  13 deep elf knights
  7 sun demons
  A golden dragon zombie (Zot:1)
  A titan skeleton (Vaults:2)
  7 iron trolls
  8 sea snakes
  59 deep trolls
  2 salamander mystics
  22 skeletal warriors
  3 glowing orange brains
  4 naga ritualists
  Pikel (D:7)
  A golden dragon skeleton (Zot:1)
  9 ironbound convokers
  8 deep elf archers
  12 wizards
  A swamp dragon (shapeshifter) (Depths:3)
  12 lindwurms
  17 harpies
  23 deep elf zephyrmancers
  7 orc knights
  6 phantasmal warriors
  A mana viper (shapeshifter) (Elf:3)
  5 orc sorcerers
  33 deep elf pyromancers
  8 necromancers
  8 salamanders
  5 mana vipers
  13 fauns
  A faun (shapeshifter) (Depths:3)
  A stone giant zombie (Depths:1)
  25 manticores
  2 sphinx skeletons (Vaults:2)
  A glowing shapeshifter (Depths:3)
  2 frost giant skeletons (Vaults:1)
  8 cyclopes
  11 merfolk sirens
  72 ugly things
  3 centaur zombies
  15 vault sentinels
  25 moths of wrath
  7 water nymphs
  25 black mambas
  5 smoke demons
  An ice statue (IceCv)
  3 guardian serpents
  10 naga magi
  A stone giant skeleton (Depths:1)
  A torpor snail (Lair:4)
  An orange demon (D:12)
  A hellion (Depths:2)
  10 cane toads
  2 efreet
  A komodo dragon (shapeshifter) (Vaults:5)
  25 yaktaurs
  4 rime drakes
  An unseen horror (D:11)
  2 kobold demonologists (D:13)
  10 komodo dragons
  A yaktaur skeleton (Vaults:2)
  A hellwing (D:15)
  4 freezing wraiths
  A tengu conjurer (Depths:1)
  A guardian mummy (Zot:1)
  6 trolls
  2 elf skeletons
  A hornet (shapeshifter) (D:13)
  14 polar bears
  A tengu simulacrum (Depths:1)
  A wind drake (Shoals:1)
  A hornet (Depths:1)
  A raiju (shapeshifter) (Vaults:5)
  31 merfolk
  Prince Ribbit (Bailey)
  Grinder (D:6)
  A human simulacrum (Vaults:4)
  21 dream sheep
  8 snapping turtles
  15 slime creatures
  7 blink frogs
  3 wraiths
  A culicivora (Vaults:4)
  3 spriggans
  14 water elementals
  3 ettin skeletons (Vaults:2)
  2 vampires
  4 air elementals
  4 wyverns
  2 basilisks
  54 yaks
  A fire elemental (Elf:1)
  7 humans (Bailey)
  2 hogs (Lair:5)
  3 redbacks (Vaults:4)
  A chaos spawn (Zot:1)
  2 steam dragons
  8 vampire mosquitoes
  4 wargs
  9 water moccasins
  45 nagas
  2 acid dragons
  A floating eye (Depths:3)
  A sky beast (D:7)
  A hornet zombie (D:6)
  3 human zombies
  A swamp drake (D:4)
  24 orc warriors
  An ice beast (D:6)
  A necrophage (D:7)
  An ogre (shapeshifter) (D:15)
  12 boggarts
  10 ogres
  19 centaurs
  32 wolves
  A human skeleton (Vaults:2)
  5 kobold brigands
  24 bullfrogs
  An earth elemental (Elf:3)
  3 gnoll sergeants
  5 scorpions
  5 killer bees (D:9)
  21 wights
  2 electric eels
  A howler monkey (D:9)
  2 jellies
  A bullfrog skeleton (D:6)
  A gnoll shaman (D:3)
  3 hounds
  13 orc priests
  3 iguanas
  2 centaur skeletons
  22 orc wizards
  5 hell rats (Lair:3)
  A killer bee zombie (D:7)
  2 hound skeletons (D:4)
  A howler monkey zombie (D:11)
  Robin (D:4)
  15 gnolls
  8 river rats
  8 adders
  12 white imps (Lair:5)
  2 adder skeletons
  5 worms
  A dart slug (D:3)
  68 orcs
  6 endoplasms
  7 giant cockroaches
  19 goblins
  16 hobgoblins
  2 quokkas
  14 ball pythons
  14 bats
  5 frilled lizards
  24 kobolds
  25 rats
  3 tentacles
2149 creatures vanquished.

Vanquished Creatures (others)
  A fire giant (Depths:2)
  A vampire knight (Depths:3)
  A human (Lair:5)
  25 bushes (D:15)
  56 fungi
  195 plants
  5 tentacles
284 creatures vanquished.

Grand Total: 2433 creatures vanquished

Notes
Turn   | Place    | Note
-------+----------+-------------------------------------------
     0 | D:1      | AarnesTheHuman the Hill Orc Fighter began the quest for the
                  | Orb.
     0 | D:1      | Reached XP level 1. HP: 19/19 MP: 1/1
   119 | D:1      | Reached XP level 2. HP: 24/27 MP: 2/2
   314 | D:1      | Found a faded altar of an unknown god.
   327 | D:1      | Reached XP level 3. HP: 33/33 MP: 3/3
   376 | D:1      | Reached skill level 4 in Fighting
  1346 | D:2      | Reached XP level 4. HP: 39/40 MP: 4/4
  1709 | D:2      | Identified the +1 robe of Impatience {rC+}
  2063 | D:3      | Found a runed translucent door.
  2064 | D:3      | Noticed Crazy Yiuf
  2097 | D:3      | Reached XP level 5. HP: 17/47 MP: 5/5
  2112 | D:3      | Found a glowing drain.
  2186 | Sewer    | Entered a sewer
  2375 | Sewer    | Reached skill level 5 in Axes
  2748 | Sewer    | Reached XP level 6. HP: 55/55 MP: 6/6
  2762 | Sewer    | Reached skill level 5 in Fighting
  3179 | Sewer    | Reached XP level 7. HP: 47/61 MP: 7/7
  4139 | D:4      | Identified a scroll of acquirement
  4139 | D:4      | Acquired the +8 broad axe "Deusaloa" {drain, rPois rN+
                  | rCorr Dex-5}
  4164 | D:4      | Reached skill level 5 in Shields
  4225 | D:4      | Found a white marble altar of Elyvilon.
  4348 | D:4      | Noticed Edmund
  4355 | D:4      | Noticed Edmund
  4355 | D:4      | Edmund changed into Edmund the swamp drake
  4365 | D:4      | Killed Edmund the swamp drake
  4450 | D:4      | Noticed Robin
  4490 | D:4      | Killed Robin
  4604 | D:4      | Reached XP level 8. HP: 68/68 MP: 8/8
  4628 | D:4      | Found a shadowy altar of Dithmenos.
  4711 | D:4      | Reached skill level 5 in Armour
  4979 | D:4      | Found Nowk's General Store.
  5233 | D:5      | Entered Level 5 of the Dungeon
  5668 | D:5      | Found Izikk's Antique Armour Shop.
  5725 | D:5      | Reached skill level 6 in Fighting
  5748 | D:4      | Bought a scroll of teleportation for 30 gold pieces
  6232 | D:6      | Reached skill level 1 in Throwing
  6297 | D:6      | Found Hiseju Mipta's Antique Weapon Shop.
  6336 | D:6      | Found a staircase to the Ecumenical Temple.
  6344 | Temple   | Entered the Ecumenical Temple
  6647 | Temple   | Became a worshipper of Warmaster Okawaru
  7031 | D:6      | Found a burning altar of Makhleb.
  7047 | D:6      | Reached * piety under Okawaru
  7048 | D:6      | Reached skill level 7 in Fighting
  7048 | D:6      | Reached skill level 10 in Axes
  7048 | D:6      | Reached XP level 9. HP: 42/79 MP: 9/9
  7222 | D:6      | Noticed Grinder
  7227 | D:6      | Killed Grinder
  7356 | D:6      | Found a hide-covered altar of Uskayaw.
  7529 | D:6      | Reached ** piety under Okawaru
  7797 | D:5      | Reached skill level 1 in Invocations
  8315 | D:7      | Found a flagged portal.
  8328 | Bailey   | Entered a bailey
  8402 | Bailey   | Reached XP level 10. HP: 62/88 MP: 12/12
  8402 | Bailey   | Reached *** piety under Okawaru
  8693 | Bailey   | Reached skill level 8 in Fighting
  8696 | Bailey   | Reached skill level 5 in Throwing
  8798 | Bailey   | Noticed Prince Ribbit
  8805 | Bailey   | Killed Prince Ribbit
  8805 | Bailey   | Reached **** piety under Okawaru
  8813 | Bailey   | Reached skill level 5 in Invocations
  8845 | Bailey   | Noticed a vault guard
  8864 | Bailey   | Killed a vault guard
  8864 | Bailey   | Received a gift from Okawaru
  8920 | Bailey   | Noticed a vault guard
  8939 | Bailey   | Killed a vault guard
  8940 | Bailey   | Reached skill level 9 in Fighting
  9155 | D:7      | Found a glowing golden altar of the Shining One.
  9634 | D:7      | Reached XP level 11. HP: 97/97 MP: 15/15
  9918 | D:7      | Found a shimmering blue altar of Sif Muna.
 10196 | D:8      | Noticed Pikel
 10207 | D:7      | Killed Pikel
 10599 | D:8      | Found a staircase to the Lair.
 10750 | D:8      | Received a gift from Okawaru
 11817 | D:8      | Found the +7 Singing Sword {vorpal, sonic wave}
 12153 | Lair:1   | Entered Level 1 of the Lair of Beasts
 12162 | Lair:1   | Reached skill level 10 in Fighting
 12305 | Lair:1   | Reached ***** piety under Okawaru
 12489 | Lair:1   | Received a gift from Okawaru
 12660 | Lair:1   | Noticed a death yak
 12661 | Lair:1   | Noticed a lindwurm
 12791 | Lair:1   | Killed a lindwurm
 12905 | Lair:1   | Killed a death yak
 12905 | Lair:1   | Identified the +6 scale mail of Proximity {rPois Will+
                  | Int+3 Dex-3} (Okawaru gifted it to you on level 1 of the
                  | Lair of Beasts)
 12905 | Lair:1   | Received a gift from Okawaru
 12906 | Lair:1   | Reached skill level 15 in Axes
 13057 | Lair:2   | Noticed Sonja
 13067 | Lair:1   | Killed Sonja
 13224 | Lair:2   | Reached XP level 12. HP: 106/106 MP: 18/18
 13438 | Lair:2   | Found a staircase to the Snake Pit.
 14062 | Lair:3   | Noticed an eight-headed hydra
 14217 | Lair:2   | Killed an eight-headed hydra
 14681 | Lair:3   | Found a staircase to the Shoals.
 15254 | Lair:3   | Reached skill level 11 in Fighting
 15718 | Lair:4   | Reached skill level 10 in Invocations
 16232 | Lair:4   | Reached XP level 13. HP: 116/116 MP: 20/20
 16239 | Lair:4   | Identified the +4 demon trident of Kismet {elec, *Corrode
                  | rElec Int+4} (Okawaru gifted it to you on level 4 of the
                  | Lair of Beasts)
 16239 | Lair:4   | Received a gift from Okawaru
 16705 | Lair:4   | Reached skill level 12 in Fighting
 16890 | Lair:5   | Noticed Kirke
 16910 | Lair:5   | Killed Kirke
 16912 | Lair:5   | Reached skill level 10 in Throwing
 16932 | Lair:5   | Reached ****** piety under Okawaru
 16940 | Lair:5   | Reached skill level 10 in Shields
 17027 | Lair:5   | Received a gift from Okawaru
 17037 | Lair:5   | Received a gift from Okawaru
 17081 | Lair:5   | Found a frozen archway.
 17115 | IceCv    | Entered an ice cave
 17351 | IceCv    | Identified the +1 chain mail of a treasure trove {+Inv
                  | rElec Slay+2} (Okawaru gifted it to you in an ice cave)
 17351 | IceCv    | Received a gift from Okawaru
 17743 | IceCv    | Reached XP level 14. HP: 34/127 MP: 22/22
 18211 | IceCv    | Reached skill level 13 in Fighting
 18424 | IceCv    | Noticed a frost giant
 18452 | IceCv    | Killed a frost giant
 19154 | Lair:4   | Received a gift from Okawaru
 19597 | Lair:6   | Entered Level 6 of the Lair of Beasts
 19957 | Lair:6   | Received a gift from Okawaru
 20379 | Lair:6   | Found a viscous altar of Jiyva.
 20380 | Lair:6   | Found a staircase to the Slime Pits.
 20484 | Lair:6   | Reached skill level 14 in Fighting
 20909 | Lair:6   | Reached skill level 10 in Armour
 22587 | D:9      | Found a sparkling altar of Nemelex Xobeh.
 22598 | D:9      | Identified the +10 rapier of the Gnat {protect, *Corrode
                  | rC+ Int+3 SInv}
 22611 | D:9      | Noticed Harold
 22639 | D:9      | Killed Harold
 22639 | D:9      | Received a gift from Okawaru
 23098 | D:10     | Entered Level 10 of the Dungeon
 23877 | D:10     | Received a gift from Okawaru
 23947 | D:10     | Found a staircase to the Orcish Mines.
 23981 | D:10     | Found an opulent altar of Gozag.
 24110 | Orc:1    | Entered Level 1 of the Orcish Mines
 24110 | Orc:1    | Noticed Urug
 24469 | D:10     | Killed Urug
 24470 | D:10     | Reached XP level 15. HP: 108/139 MP: 23/23
 25042 | Orc:1    | Noticed Jorgrun
 25065 | Orc:1    | Killed Jorgrun
 25647 | Orc:1    | Received a gift from Okawaru
 25776 | Orc:2    | Entered Level 2 of the Orcish Mines
 25930 | Orc:2    | Found Sixkugy's Magic Scroll Boutique.
 26442 | Orc:2    | Found a staircase to the Elven Halls.
 27250 | Orc:2    | Found Sixkugy's Magic Scroll Boutique.
 27430 | Orc:2    | Found a staircase to the Elven Halls.
 27980 | Orc:2    | Found Bapunorgh's Distillery.
 27986 | Orc:2    | Found Ypluegik's Antique Armour Emporium.
 28003 | Orc:2    | Found Zixuko's Distillery.
 28005 | Orc:2    | Found Vinesafa's Antique Weapon Shop.
 28057 | Orc:2    | Acquired an amulet of reflection
 28221 | D:11     | Reached skill level 15 in Fighting
 29131 | D:12     | Received a gift from Okawaru
 29707 | D:12     | Identified the +3 robe of the Fife {rC+}
 29914 | D:13     | You are sucked into a shaft and drop 2 floors!
 29914 | D:15     | Entered Level 15 of the Dungeon
 30524 | D:13     | Found a gate to the Vaults.
 31398 | D:13     | Received a gift from Okawaru
 31861 | D:14     | Reached XP level 16. HP: 149/149 MP: 20/26
 33132 | D:15     | Noticed Nessos
 33139 | D:15     | Killed Nessos
 33470 | D:15     | Noticed Agnes
 33484 | D:15     | Killed Agnes
 33673 | D:15     | Received a gift from Okawaru
 33951 | D:15     | Found a staircase to the Depths.
 34214 | D:15     | Reached skill level 16 in Fighting
 34613 | Orc:2    | Bought a faintly humming chain mail for 247 gold pieces
 34613 | Orc:2    | Identified the +2 chain mail of the Sunfish {Int+2} (You
                  | bought it in a shop on level 2 of the Orcish Mines)
 34613 | Orc:2    | Bought a transparent chain mail for 247 gold pieces
 34613 | Orc:2    | Identified the +5 chain mail of the Lobster {rN+ Slay+3
                  | SInv} (You bought it in a shop on level 2 of the Orcish
                  | Mines)
 35071 | Snake:1  | Entered Level 1 of the Snake Pit
 35089 | Snake:1  | Reached skill level 1 in Dodging
 35254 | Snake:1  | Received a gift from Okawaru
 35527 | Snake:1  | Received a gift from Okawaru
 36051 | Snake:2  | Noticed a nagaraja
 36062 | Snake:2  | Received a gift from Okawaru
 36063 | Snake:2  | Noticed a nagaraja
 36066 | Snake:2  | Killed a nagaraja
 36075 | Snake:2  | Killed a nagaraja
 36094 | Snake:2  | Noticed Aizul
 36133 | Snake:2  | Killed Aizul
 36449 | Snake:2  | Reached XP level 17. HP: 131/158 MP: 27/27
 36719 | Snake:2  | Noticed Roxanne
 36798 | Snake:2  | Identified the amulet "Symn" {Faith rPois rN++ Will+}
 36885 | Snake:3  | Noticed Vashnia
 36959 | Snake:2  | Killed Vashnia
 38543 | Snake:3  | Identified the +0 pair of boots of the Unseen Realm {Str+4
                  | Slay+3} (Okawaru gifted it to you on level 3 of the Snake
                  | Pit)
 38543 | Snake:3  | Received a gift from Okawaru
 38970 | Snake:3  | Noticed Bai Suzhen
 38974 | Snake:3  | Killed Bai Suzhen
 39411 | Snake:3  | Reached skill level 1 in Evocations
 39845 | Snake:4  | Entered Level 4 of the Snake Pit
 39878 | Snake:4  | Found Bushuggos's General Store.
 39884 | Snake:4  | Bought a scroll of acquirement for 676 gold pieces
 40260 | Snake:4  | Reached skill level 5 in Dodging
 40305 | Snake:4  | Reached skill level 15 in Throwing
 41021 | Snake:4  | Identified the +1 chain mail of Okawaru's Approval {+Inv
                  | Dex+4} (Okawaru gifted it to you on level 4 of the Snake
                  | Pit)
 41021 | Snake:4  | Received a gift from Okawaru
 42811 | Snake:4  | Got a serpentine rune of Zot
 43320 | Shoals:1 | Entered Level 1 of the Shoals
 43320 | Shoals:1 | Found a transporter.
 43360 | Shoals:1 | Noticed Frances
 43483 | Shoals:1 | Noticed Witt's ghost (adept GrFi)
 43494 | Shoals:1 | Killed Frances
 43546 | Shoals:1 | Found a bloodstained altar of Trog.
 43649 | Shoals:1 | Found a transporter.
 43707 | Shoals:1 | Received a gift from Okawaru
 43711 | Shoals:1 | Reached XP level 18. HP: 149/166 MP: 29/29
 43763 | Shoals:1 | Reached skill level 15 in Invocations
 44142 | Shoals:1 | Identified the +0 pair of gloves of Whack-A-Mole {rElec
                  | Str+4} (Okawaru gifted it to you on level 1 of the Shoals)
 44142 | Shoals:1 | Received a gift from Okawaru
 45352 | Shoals:2 | Found Famoif's Book Boutique.
 45552 | Shoals:2 | Reached skill level 17 in Fighting
 46000 | Shoals:2 | Found Zaipniuf's General Store.
 46391 | Shoals:2 | Found Esie's Jewellery Shoppe.
 46421 | Shoals:2 | Found Ykkits's Book Emporium.
 47032 | Shoals:2 | Reached skill level 18 in Fighting
 47673 | Shoals:3 | Received a gift from Okawaru
 48922 | Shoals:3 | Received a gift from Okawaru
 49542 | Shoals:4 | Entered Level 4 of the Shoals
 49542 | Shoals:4 | Found Ymisygal's Jewellery Shop.
 49797 | Shoals:4 | Found Lumoed's General Store.
 49864 | Shoals:4 | Received a gift from Okawaru
 49989 | Shoals:4 | Received a gift from Okawaru
 50103 | Shoals:4 | Identified the +9 war axe of Slime {vorpal, Fly rPois
                  | Int-3} (Okawaru gifted it to you on level 4 of the Shoals)
 50103 | Shoals:4 | Received a gift from Okawaru
 50435 | Shoals:4 | Got a barnacled rune of Zot
 50491 | Shoals:4 | Found Puam's Distillery.
 50659 | Shoals:4 | Noticed Louise
 50668 | Shoals:4 | Killed Louise
 50794 | Shoals:4 | Found Hapreat's Book Shop.
 50903 | Shoals:4 | Reached XP level 19. HP: 164/181 MP: 31/31
 51592 | Shoals:2 | Bought the amulet of Wumiq {Faith rElec Will++ rCorr Str-2
                  | SInv} for 1088 gold pieces
 51840 | Vaults:1 | Entered Level 1 of the Vaults
 52030 | Vaults:1 | Reached skill level 19 in Fighting
 52406 | D:13     | Received a gift from Okawaru
 52774 | Vaults:1 | Received a gift from Okawaru
 53097 | Vaults:1 | Received a gift from Okawaru
 53713 | Vaults:1 | Found Cisolan's Magic Scroll Shop.
 53713 | Vaults:1 | Noticed Asterion
 53740 | Vaults:1 | Killed Asterion
 53740 | Vaults:1 | Received a gift from Okawaru
 53879 | Vaults:1 | Identified the +1 plate armour of the Quahog {Harm rF-
                  | Regen+} (Okawaru gifted it to you on level 1 of the Vaults)
 53879 | Vaults:1 | Received a gift from Okawaru
 54886 | Vaults:1 | Found a portal to a secret trove of treasure.
 55161 | Shoals:2 | Acquired 513 gold pieces
 56681 | Vaults:2 | Reached XP level 20. HP: 99/192 MP: 29/32
 57399 | Vaults:2 | Identified the +2 pair of gloves of the Barber Surgeon
                  | {Rampage Dex+6 Stlth+}
 57441 | Vaults:2 | Received a gift from Okawaru
 57723 | Vaults:2 | Identified the +7 hand axe of Dried Tears {vorpal, rElec
                  | Dex+2} (Okawaru gifted it to you on level 2 of the Vaults)
 57723 | Vaults:2 | Received a gift from Okawaru
 58026 | Vaults:2 | Found a staircase to the Crypt.
 58628 | Vaults:2 | Reached skill level 20 in Fighting
 58856 | Vaults:3 | Noticed Saint Roka
 58963 | Vaults:2 | Killed Saint Roka
 59760 | Vaults:3 | Got the Tome of Envenoming and Shape Shifting
 59791 | Vaults:3 | Reached skill level 15 in Armour
 59808 | Vaults:3 | Received a gift from Okawaru
 59814 | Vaults:3 | Identified the ring of Sig Yzurr {+Blink rN+ MP+9 Stlth+}
 60466 | Vaults:3 | Received a gift from Okawaru
 61388 | Vaults:4 | Identified the +4 broad axe of Massacring {freeze, rN+++
                  | rCorr Dex-3} (Okawaru gifted it to you on level 4 of the
                  | Vaults)
 61388 | Vaults:4 | Received a gift from Okawaru
 61406 | Vaults:4 | Reached XP level 21. HP: 138/201 MP: 34/34
 61839 | Vaults:4 | Noticed Donald
 61846 | Vaults:4 | Killed Donald
 62360 | Vaults:4 | Received a gift from Okawaru
 62387 | Vaults:4 | Received a gift from Okawaru
 63287 | Vaults:4 | Received a gift from Okawaru
 63687 | Elf:1    | Entered Level 1 of the Elven Halls
 63698 | Elf:1    | Received a gift from Okawaru
 63751 | Elf:1    | Found Imed's Armour Shoppe.
 63950 | Elf:1    | Identified the +1 hat of the Hanged Man {Rampage +Inv rN+}
                  | (Okawaru gifted it to you on level 1 of the Elven Halls)
 63950 | Elf:1    | Received a gift from Okawaru
 64236 | Elf:1    | Got the Grimoire of Summoning
 64721 | Elf:1    | Bought +0 gold dragon scales for 1040 gold pieces
 64810 | Orc:2    | Bought a scroll of enchant armour for 112 gold pieces
 64810 | Orc:2    | Bought a scroll of enchant armour for 112 gold pieces
 64810 | Orc:2    | Bought a scroll of enchant armour for 112 gold pieces
 65008 | Snake:4  | Bought a scroll of enchant armour for 97 gold pieces
 65560 | Elf:2    | Paralysed by an air elemental for 1 turns
 65782 | Elf:2    | Found a runed translucent gate.
 65782 | Elf:2    | Found a runed translucent gate.
 65782 | Elf:2    | Found a runed translucent gate.
 67093 | Elf:2    | Identified the +0 hat of the Other World {rPois Dex+9}
                  | (Okawaru gifted it to you on level 2 of the Elven Halls)
 67093 | Elf:2    | Received a gift from Okawaru
 67310 | Elf:3    | Entered Level 3 of the Elven Halls
 67387 | Elf:3    | Reached XP level 22. HP: 185/211 MP: 36/36
 67543 | Elf:3    | Paralysed by an air elemental for 1 turns
 67712 | Elf:3    | Reached skill level 21 in Fighting
 68654 | Elf:3    | Received a gift from Okawaru
 68654 | Elf:3    | Found the +18 Lear's hauberk
 68668 | Elf:3    | Identified the ring "Ylaffesy" {Str+4 SInv}
 68998 | Elf:3    | Reached skill level 15 in Shields
 69001 | Elf:3    | Identified the +9 long sword "Wayq" {vorpal, +Blink rElec
                  | rF+ rC+}
 69001 | Elf:3    | Identified the ring "Jotyxui" {rElec rPois rC+ Stlth+}
 69293 | Elf:3    | Identified the +1 falchion "Nearun" {vorpal, rF- Str+8}
 69499 | Elf:3    | Identified the ring "Loneluimi" {Fire rElec rN++ Will-
                  | Int+4}
 69730 | Elf:3    | Got the Almanac of the Escort and Clay
 69756 | Elf:3    | Got the Compendium of Feathery Snow
 69761 | Elf:3    | Identified the +2 hand crossbow of Pride {venom, rCorr
                  | Dex+5}
 69765 | Elf:3    | Identified the +6 arbalest of True Grit {elec, Dex+7
                  | Stlth+}
 70075 | Depths:1 | Entered Level 1 of the Depths
 70280 | Depths:1 | Reached skill level 22 in Fighting
 70502 | Depths:1 | Identified the +2 halberd "Pyirigo" {vorpal, *Rage *Noise
                  | Will+++ Dex+3} (Okawaru gifted it to you on level 1 of the
                  | Depths)
 70502 | Depths:1 | Received a gift from Okawaru
 71385 | Depths:1 | Noticed a juggernaut
 71403 | Depths:1 | Killed a juggernaut
 71546 | Depths:1 | Identified the +1 pair of boots "Wueva" {Str+7} (Okawaru
                  | gifted it to you on level 1 of the Depths)
 71546 | Depths:1 | Received a gift from Okawaru
 71769 | Depths:1 | Found a gateway to Hell.
 71790 | Depths:1 | Reached XP level 23. HP: 198/224 MP: 37/37
 73356 | Depths:2 | Found a shadowy altar of Dithmenos.
 73937 | Depths:1 | Received a gift from Okawaru
 74527 | Depths:2 | Identified the +5 demon trident "Raxatag" {drain, Dex+5}
 74602 | Depths:2 | Reached skill level 23 in Fighting
 74822 | Depths:2 | Reached skill level 10 in Dodging
 74952 | Depths:2 | Noticed a caustic shrike
 74959 | Depths:2 | Killed a caustic shrike
 75390 | Depths:2 | Found a one-way gate leading to the halls of Pandemonium.
 76032 | Depths:2 | Received a gift from Okawaru
 77041 | Depths:3 | Paralysed by a floating eye for 2 turns
 77420 | Depths:3 | Reached XP level 24. HP: 237/237 MP: 38/38
 78160 | Depths:3 | Received a gift from Okawaru
 78379 | Depths:3 | Reached skill level 24 in Fighting
 78449 | Depths:3 | Found Xopsy's Book Shop.
 78449 | Depths:3 | Found Elatwany's Armour Emporium.
 78748 | Depths:3 | Noticed a juggernaut
 78760 | Depths:3 | Killed a juggernaut
 79123 | Depths:3 | Found Yzeec's Assorted Antiques.
 79123 | Depths:3 | Found Axka's Antique Armour Boutique.
 79309 | Depths:3 | Received a gift from Okawaru
 79480 | Depths:3 | Noticed a juggernaut
 79502 | Depths:3 | Killed a juggernaut
 80437 | Depths:3 | Found a one-way gate to the infinite horrors of the Abyss.
 80944 | Depths:3 | Identified the +2 trident of Demand {flame, rF- rC+ Str+5}
                  | (Okawaru gifted it to you on level 3 of the Depths)
 80944 | Depths:3 | Received a gift from Okawaru
 81053 | Depths:4 | Entered Level 4 of the Depths
 81053 | Depths:4 | Noticed Mennas
 81053 | Depths:4 | Found a one-way gateway to a ziggurat.
 81069 | Depths:3 | Killed Mennas
 81351 | Depths:4 | Found a radiant altar of Vehumet.
 81436 | Depths:4 | Noticed Margery
 81452 | Depths:4 | Killed Margery
 82173 | Depths:4 | Reached skill level 25 in Fighting
 82292 | Depths:4 | Received a gift from Okawaru
 82315 | Depths:4 | Found a gate to the Realm of Zot.
 82382 | Depths:4 | Received a gift from Okawaru
 82403 | Depths:4 | Reached XP level 25. HP: 227/249 MP: 39/39
 82479 | Depths:4 | Found Big Baal Hell's Store.
 82480 | Depths:4 | Noticed the Enchantress
 83019 | Depths:4 | Received a gift from Okawaru
 83052 | Depths:4 | Killed the Enchantress
 83121 | Depths:4 | Found Bixzuduv's Book Emporium.
 83122 | Depths:4 | Found Fuzuqozi's Jewellery Boutique.
 83122 | Depths:4 | Found Sosuzxaf's Jewellery Boutique.
 83179 | Depths:4 | Bought a manual of Throwing for 1600 gold pieces
 83564 | Vaults:5 | Entered Level 5 of the Vaults
 84565 | Vaults:5 | Received a gift from Okawaru
 84768 | Vaults:5 | Identified the +10 great sword of Dullness {flame, rElec
                  | Str-5 Int+2 Dex+4}
 84768 | Vaults:5 | Identified the ring of Harmony {rC+ Int+7 SInv}
 85002 | Vaults:5 | Noticed an ancient lich
 85013 | Vaults:5 | Killed an ancient lich
 85014 | Vaults:5 | Reached skill level 26 in Fighting
 85014 | Vaults:5 | Reached skill level 1 in Stealth
 85035 | Vaults:5 | Noticed an ancient lich
 85046 | Vaults:5 | Killed an ancient lich
 85655 | Vaults:5 | Noticed a dread lich
 85657 | Vaults:5 | Identified the +7 great sword of Cataclysm {pain, rPois
                  | rF++ Str+3}
 85664 | Vaults:5 | Killed a dread lich
 85983 | Vaults:5 | Found Xuaven's Weapon Shoppe.
 85994 | Vaults:5 | Got a silver rune of Zot
 86735 | Vaults:5 | Found Xuaven's Weapon Shoppe.
 87439 | Vaults:1 | Bought a scroll of brand weapon for 420 gold pieces
 87735 | Zot:1    | Entered Level 1 of the Realm of Zot
 87735 | Zot:1    | Noticed a dread lich
 87756 | Depths:4 | Killed a dread lich
 88071 | Depths:4 | Received a gift from Okawaru
 88220 | Zot:1    | Noticed an ancient lich
 88229 | Zot:1    | Killed an ancient lich
 88229 | Zot:1    | Identified the +0 kite shield "Kalaune" {rF++} (Okawaru
                  | gifted it to you on level 1 of the Realm of Zot)
 88229 | Zot:1    | Received a gift from Okawaru
 88765 | Zot:1    | Reached XP level 26. HP: 220/231 MP: 39/39
 88968 | Zot:1    | Reached skill level 5 in Stealth
 89551 | Zot:1    | Reached skill level 27 in Fighting
 90512 | Zot:2    | Identified the +3 hand axe "Gemid" {vorpal, rF++ rCorr
                  | Int-2 Dex+4}
 92539 | Zot:2    | Received a gift from Okawaru
 92876 | Zot:2    | Identified the +1 pair of gloves of Lifelessness {rN+ Will-
                  | Int+3} (Okawaru gifted it to you on level 2 of the Realm of
                  | Zot)
 92876 | Zot:2    | Received a gift from Okawaru
 94140 | Zot:3    | Identified the +6 plate armour of the Desert {Rampage rN+}
 96004 | Zot:4    | Found a runed translucent door.
 96008 | Zot:4    | Noticed Baeczau's ghost (master GnFi)
 96513 | Zot:4    | Received a gift from Okawaru
 96518 | Zot:4    | Reached XP level 27. HP: 260/273 MP: 39/39
 97508 | Zot:5    | Entered Level 5 of the Realm of Zot
 97611 | Zot:5    | Noticed an orb of fire
 97613 | Zot:5    | Gained mutation: You are weak. (Str -2) [an orb of fire]
 97615 | Zot:5    | Gained mutation: Your body sometimes deteriorates upon
                  | taking damage. [an orb of fire]
 97618 | Zot:5    | Gained mutation: Your magical capacity is low. (-10% MP)
                  | [an orb of fire]
 97624 | Zot:5    | Killed an orb of fire
 98145 | Zot:5    | Noticed an orb of fire
 98151 | Zot:5    | Killed an orb of fire
 98754 | Zot:5    | Noticed an orb of fire
 98774 | Zot:5    | Killed an orb of fire
 98774 | Zot:5    | Noticed an orb of fire
 98779 | Zot:5    | Noticed an orb of fire
 98784 | Zot:5    | Killed an orb of fire
 98787 | Zot:5    | Killed an orb of fire
 99167 | Zot:5    | Noticed an ancient lich
 99532 | Zot:5    | Killed an ancient lich
 99704 | Zot:5    | Received a gift from Okawaru
100099 | Zot:5    | Identified the +0 scale mail of the Thoughtful Spines
                  | {-Cast +Inv Fly rF+} (Okawaru gifted it to you on level 5
                  | of the Realm of Zot)
100099 | Zot:5    | Received a gift from Okawaru
100116 | Zot:5    | Identified the +10 battleaxe "Imerinerr" {drain, *Rage Fly
                  | MP+9 Str+3}
101569 | Shoals:4 | Bought 4 silver javelins for 105 gold pieces
102132 | Zot:5    | Got the Orb of Zot
102728 | D:$      | Escaped with the Orb!

Illustrated notes

Levels and vault maps discovered:
D:1:      dpeg_arrival_three_same_balls, layout_rooms, basic_ecumenical_altar,
          solitary_fountain, hex_large, minmay_close_crescents
D:2:      layout_loops_ring, minmay_nonomino_d4
D:3:      layout_loops_corners, portal_sewer_entry_e, uniq_crazy_yiuf_cottage
D:4:      layout_rooms, mainiacjoe_overflow_boulevard,
          mainiacjoe_overflow_alcove_2, serial_bayou, serial_bayou_pond_c,
          serial_bayou_shore_a, serial_bayou_shore_b, serial_bayou_crossing,
          serial_shops, nicolae_take_the_stairs, mrwooster_statue_mirror,
          uniq_robin, uniq_edmund
D:5:      layout_basic, serial_shops, shop_coins, grunt_decor_cap
D:6:      layout_basic, overflow_temple_1_default, mainiacjoe_overflow_24_doors,
          minmay_temple_entry_stoned_glass, serial_shops,
          nicolae_shop_overgrown_old_shop, uniq_grinder
D:7:      minmay_general_purpose_star, layout_gridville,
          mainiacjoe_overflow_surrounded_room, tso_oasis_becter, enter_bailey_4,
          st_stairs_5
D:8:      old_forge, layout_loops_cross, david_lair_shrubbed, glass_columns_c,
          lightli_minifort, uniq_pikel
D:9:      layout_basic, mainiacjoe_overflow_tiny_flanked, uniq_harold
D:10:     layout_basic, nicolae_gozag_cash_rules_everything_around_me,
          orc_0_dummy
D:11:     layout_layer_cave
D:12:     layout_cave_pools, minivault_4
D:13:     layout_rooms, david_vaults_1, serial_co_window_serial,
          co_window_corner_a, co_window_paths_b, co_window_corner_a,
          co_window_paths_a, co_window_paths_b, co_window_corner_a,
          co_window_2corner, co_window_of_opportunity_b, co_window_2corner,
          co_window_unsneaky_path_e, co_window_of_opportunity_c,
          co_window_corner_ca, glass_columns_a, glass_columns_a,
          glass_columns_a, glass_columns_b, glass_columns_a,
          minmay_hollow_rounded_squares
D:14:     layout_loops_ring, serial_bayou_pond_c
D:15:     grunt_enter_depths_hoard, layout_loops_ring, minmay_hedge_maze,
          uniq_nessos, uniq_agnes
Temple:   minmay_temple_curvy_branch
Lair:1:   layout_hall_layers, minivault_23, hangedman_lair_generics_rect,
          infiniplex_staircase_pool_2
Lair:2:   layout_misc_corridors, minmay_snake_entry_guardpost_small,
          grunt_megastairs_5, uniq_sonja
Lair:3:   layout_regular_city, minmay_shoals_entry_centaurs, st_stairs_10,
          cheibrodos_lair_reptile_den, grunt_megastairs_1,
          infiniplex_staircase_pool
Lair:4:   layout_cave_pods, beast_lair_carwin_4, serial_bayou_shore_b
Lair:5:   layout_misc_corridors, portal_ice_cave_entry_imps, uniq_kirke
Lair:6:   evilmike_catoblepas_cave, layout_cave_shapes,
          dpeg_slime_entry_enclosed_altar
Shoals:1: layout_shoals, gammafunk_ghost_wrathful_warriors, uniq_frances
Shoals:2: cheibrodos_shoals_roost, layout_shoals, serial_shops,
          nicolae_shop_advertising_works [nicolae_subvault_shop_adworks], shop,
          nicolae_shop_stone, shop
Shoals:3: layout_shoals
Shoals:4: shoals_end_grunt_ice, layout_shoals, serial_shops,
          nicolae_shop_temple_entry_statues_fountains, nicolae_shop_waterfront,
          nicolae_shop_hallway_stairs, shop, uniq_louise
Snake:1:  layout_misc_corridors, serial_bayou_shore_b
Snake:2:  layout_rooms, uniq_aizul, uniq_roxanne
Snake:3:  layout_cave_town, uniq_vashnia, uniq_bai_suzhen
Snake:4:  minmay_snake_end_coiled, layout_gridlike, minmay_shop_star
Orc:1:    layout_caves, sword_in_stone, uniq_jorgrun
Orc:2:    st_orc_elflike, layout_caves, serial_shops, shop
Elf:1:    eino_elf_arrival_shootout, layout_geoelf_diagonals, serial_shops,
          shop, minmay_elf_demonology
Elf:2:    nicolae_elf_blades_splatter_lattice [nicolae_blade_little_rooms],
          layout_geoelf_grid
Elf:3:    minmay_elf_hall_x, layout_geoelf_castle, minivault_28
Vaults:1: vaults_dpeg_spiral, v_misc_10, v_misc_1, v_alt_pattern_1,
          ontoclasm_vaults_ligature, v_rooms_4, v_misc_10, v_pattern_4,
          nicolae_vaults_triangles, ontoclasm_vaults_twist,
          ontoclasm_vaults_decontamination, grunt_vaults_hallway_short,
          layout_vaults_omnicross, serial_shops, shop,
          nicolae_trove_entry_crystal, uniq_asterion
Vaults:2: nicolae_vaults_hallways_thing, nicolae_vaults_big_angled_halls,
          minmay_crypt_entry_skeletal_spiral, vaults_room_fancy_cross, v_misc_5,
          nicolae_vaults_alarming, ontoclasm_vaults_shuriken,
          layout_vaults_quadrants
Vaults:3: v_misc_9, v_misc_32, nicolae_vaults_network_barrier, v_misc_5,
          nicolae_vaults_mini_display_case, hangedman_vaults_hat, v_misc_17,
          nicolae_vaults_big_angled_halls, ontoclasm_vaults_misaligned,
          vaults_mumra_chevron_long, nicolae_vaults_asterisk, vaults_dpeg_hooks,
          layout_vaults_maze, uniq_saint_roka
Vaults:4: nicolae_vaults_lopsided_apartments, hangedman_vaults_variations,
          ontoclasm_vaults_eye, v_misc_26, ontoclasm_vaults_spin, v_misc_14,
          vaults_room_corners, nicolae_vaults_border_crossing, v_misc_22,
          layout_vaults_big_room, uniq_donald
Vaults:5
Depths:1: hangedman_stitches_corridor, layout_basic, hell_entry,
          amcnicky_mini_corridor_feature, minmay_misc_feat_alley, st_stairs_10,
          dilly_guarded_unrand_elemental_staff
Depths:2: evilmike_pillar_path, layout_cave_pools, pan_entry, hellmouth_2,
          kennysheep_decorative_pillar, grunt_dithmenos_smoke_and_mirrors
Depths:3: hangedman_box_tower, layout_cave_pools, abyss_entry, hellmouth_1,
          onia_ninara_cookie
Depths:4: grunt_zot_entry_pinwheel, layout_gridlike, enter_ziggurat_e,
          nicolae_hell_entry_big_baal_hell, nicolae_vehumet_radiance, pan_entry,
          minmay_shop_grove, uniq_enchantress, uniq_margery, uniq_mennas
Zot:1:    hangedman_snap_crack_crunch, layout_onion_interference,
          grunt_ministairs_11
Zot:2:    layout_twisted_circle, st_stairs_9
Zot:3:    layout_concentric_octagons
Zot:4:    layout_concentric_octagons, ebering_ghost_reflecting_pool
Zot:5:    layout_misc_corridors

Skill      XL: |  1  2  3  4  5  6  7  8  9 10 11 12 13 14 15 16 17 18 19 20 21 22 23 24 25 26 27 |
---------------+----------------------------------------------------------------------------------+-----
Axes           | 3 4 5 6 9 10 11 12 15 16 18 19 20 | 20.0
Fighting       | 4 5 7 9 10 11 12 14 15 16 18 19 20 22 23 25 26 27 | 27.0
Armour         | 4 6 7 10 11 12 13 15 17 18 19 20 | 20.5
Shields        | 4 5 6 7 9 10 11 13 14 15 16 17 18 19 | 19.6
Throwing       | 3 4 6 7 8 10 12 14 15 16 17 19 20 | 20.7
Invocations    | 3 6 8 10 11 14 16 17 19 20 21 22 24 25 26 | 26.0
Dodging        | 3 6 7 8 10 11 | 11.7
Evocations     | 4 |  4.0
Stealth        | 4 5 |  5.0

Action                   |  1- 3 |  4- 6 |  7- 9 | 10-12 | 13-15 | 16-18 | 19-21 | 22-24 | 25-27 || total
-------------------------+-------+-------+-------+-------+-------+-------+-------+-------+-------++-------
Melee: War axe           |   104 |   190 |    23 |       |       |       |       |       |       ||   317
       Broad axe         |       |       |   191 |   416 |   904 |   670 |   766 |  1245 |  1222 ||  5414
       Unarmed           |       |       |     2 |       |       |       |       |       |       ||     2
       Demon trident     |       |       |       |       |       |     1 |       |       |       ||     1
 Fire: Hunting sling     |       |       |     8 |       |       |       |       |       |       ||     8
Throw: Boomerang         |       |       |    19 |   117 |   206 |   505 |   367 |   212 |    34 ||  1460
       Javelin           |       |       |     1 |     5 |    45 |   206 |   231 |   203 |   261 ||   952
       Dart              |       |       |       |     9 |       |       |       |       |     2 ||    11
       Throwing net      |       |       |       |       |       |     2 |       |     1 |       ||     3
Invok: Heroism           |       |       |       |     2 |     4 |     7 |     5 |     3 |     4 ||    25
       Finesse           |       |       |       |     1 |     4 |     3 |       |     3 |     5 ||    16
Evoke: Wand              |       |       |     5 |     2 |       |       |       |       |     3 ||    10
  Use: Scroll            |       |     5 |    12 |     7 |    15 |     5 |     8 |     4 |    17 ||    73
       Potion            |       |     1 |       |       |     3 |       |       |     2 |     1 ||     7
 Stab: Held in net/web   |       |       |       |       |       |     1 |       |     1 |       ||     2
       Distracted        |       |       |       |       |       |       |       |     4 |       ||     4
Armor: Scale mail        |    47 |    43 |       |   119 |   326 |   357 |   318 |       |       ||  1210
       Chain mail        |       |    43 |   101 |   133 |       |       |       |       |       ||   277
       Ice dragon scales |       |       |       |       |    81 |       |       |       |       ||    81
       Gold dragon scale |       |       |       |       |       |       |    24 |   533 |   745 ||  1302
Dodge: Dodged            |    58 |    76 |    62 |   126 |   236 |   270 |   264 |   258 |   367 ||  1717
       Repelled          |       |       |       |       |       |    23 |     4 |    16 |    26 ||    69
Block: Buckler           |    27 |    38 |    19 |       |       |       |       |       |       ||    84
       Kite shield       |       |       |    30 |   179 |   383 |   499 |   551 |   876 |   869 ||  3387
       Reflection        |       |       |       |       |    24 |    13 |       |       |       ||    37
